[Event "*** Titled Tuesday Blitz"]
[Site "Chess.com"]
[Date "2021.03.02"]
[Round "7"]
[White "mishanick"]
[Black "Msb2"]
[Result "1-0"]
[WhiteElo "3024"]
[BlackElo "2893"]
[TimeControl "180+1"]
[EndTime "11:19:24 PST"]
[Termination "mishanick won by resignation"]

1. c4 e6 2. Nc3 d5 3. d4 Nf6 4.
Nf3 dxc4 5. e4 b5 6. e5 Nd5 7.
Nxb5 Nb6 8. Be2 Be7 9. Be3 Nc6 10. a3 Rb8 11. Qc2 Na5 12. Rd1 Nd5 13. Nc3 Qd7 14. Bd2 Nb3 15. Bxc4 Nxd2 16. Qxd2 Bb7 17. O-O O-O 18. b4 a5 19. bxa5 Bxa3 20. Nxd5 Bxd5 21. Bxd5 Qxd5 22. Ra1 Rb3 23. Qc2 Ra8 24. Ng5 g6 25.
Qxc7 Rb7 26. Qc3 Bb2 27. Qh3 h5 28. Rab1 Bxd4 29. Rbd1 Rb2 30. Kh1 Qc5 31. Nxe6 fxe6 32. Qxe6+ Kh8 33. Qxg6 Qxe5 34. Rde1 Qg7 35. Qxh5+ Qh7 36.
Qd5 Qa7 37. Re4 Bf6 38. Rf4 Rf8 39. Qd6 Rbb8 40. Rxf6 Qg7 41. Rxf8+ Rxf8 42. Qg3 Qb2 43. Qh3+ Kg8 44. Qg3+ Kh8 45. Qe3 Qa2 46. Kg1 Qxa5 47. Rd1 Qf5 48. h3 Qf7 49. Qd4+ Kg8 50. Qg4+ Kh8 51. Qh4+ Kg8 52. Rd3 1-0

[Event "*** Titled Tuesday Blitz"]
[Site "Chess.com"]
[Date "2021.03.02"]
[Round "7"]
[White "anon219"]
[Black "horripile"]
[Result "1/2-1/2"]
[WhiteElo "2852"]
[BlackElo "2715"]
[TimeControl "180+1"]
[EndTime "11:19:24 PST"]
[Termination "Game drawn by repetition"]

1. e4 c5 2. Nf3 Nc6 3. Bb5 e6 4. Bxc6 bxc6 5. b3 Ne7 6. O-O Ng6 7. Bb2 f6 8. d4 d5 9. Nbd2 Bd6 10. c4 O-O 11.
exd5 cxd5 12. cxd5 exd5 13. Ba3 cxd4 14. Bxd6 Qxd6 15.
Nxd4 Bd7 16. N2f3 Rac8 17. Qd2 Ne5 18. Rac1 a6 19. h3 Rfe8 20. Rfd1 Red8 21. Qa5 Re8 22. a4 h6 23. Rxc8 Rxc8 24. Nh4 Kh8 25. Nhf5 Bxf5 26. Nxf5 Qd7 27. Nd4 Qb7 28. Qd2 Rb8 29. Qe3 Nc6 30.
Rd3 Nxd4 31. Qxd4 Qc6 32. g3 Qe6 33. Kg2 Qe4+ 34. Qxe4 dxe4 35. Rd6 Rxb3 36. Rxa6 Rb2 37. Re6 f5 38. g4 Ra2 39. gxf5 Rxa4 40. Kg3 Kg8 41.
Kf4 Ra3 42. Kxe4 Rxh3 43. f6 Kf7 44. fxg7 Kxg7 45. f4 Ra3 46. Rb6 Ra7 47. Kf5 Kf7 48. Rxh6 Ra5+ 49. Kg4 Rb5 50. Ra6 Rc5 51. f5 Rc1 52.
Kg5 Rg1+ 53. Kf4 Rf1+ 54. Ke5 Re1+ 55. Kd4 Rd1+ 56. Ke3 Rf1 57. Ke4 Re1+ 58. Kf4 Rf1+ 59. Kg4 Rg1+ 60. Kf4 Rf1+ 1/2-1/2

[Event "*** Titled Tuesday Blitz"]
[Site "Chess.com"]
[Date "2021.03.02"]
[Round "7"]
[White "iturrizaga"]
[Black "Kobalia"]
[Result "0-1"]
[WhiteElo "2841"]
[BlackElo "2718"]
[TimeControl "180+1"]
[EndTime "11:19:24 PST"]
[Termination "Kobalia won on time"]

1. c4 c6 2. Nf3 d5 3. e3 Bg4 4. Qb3 Bxf3 5. gxf3 Qd7 6. Nc3 Nf6 7. d4 e6 8. e4 dxc4 9. Bxc4 b5 10. Be2 Qxd4 11.
Be3 Qb4 12. Qc2 Be7 13. O-O O-O 14. a4 Nbd7 15. axb5 cxb5 16. Nxb5 Rfc8 17. Qd2 Qxd2 18. Bxd2 Rc2 19. Bc3 Rxe2 20. Nd4 Ne5 21. Nxe2 Nxf3+ 22.
Kg2 Nh4+ 23. Kh1 Nxe4 24. Bd4 a5 25. Rfc1 h5 26. Rc4 Nd2 27. Rc3 Bb4 28. Rd3 Rd8 29.
Rd1 Nhf3 30. Kg2 e5 31. Rxf3 Nxf3 32. Kxf3 exd4 33. Rxd4 Rxd4 34. Nxd4 f6 35. Nc6 Kf7 36. Ke4 Be1 37. f3 Kg6 38. b3 f5+ 39. Kf4 Bd2+ 40. Ke5 Kg5 41. Kd4 Kf4 42. Kd3 Be1 43. Ke2 Bb4 44.
Nd4 g6 45. Ne6+ Ke5 46. Nd8 Kd5 47. Nf7 Ke6 48. Ng5+ Kf6 49. Nh3 Bc5 50. Nf4 Bd6 51. Nd5+ Ke6 0-1

[Event "*** Titled Tuesday Blitz"]
[Site "Chess.com"]
[Date "2021.03.02"]
[Round "7"]
[White "JoliyRoger"]
[Black "LuisFSiles"]
[Result "1-0"]
[WhiteElo "2475"]
[BlackElo "2314"]
[TimeControl "180+1"]
[EndTime "11:19:24 PST"]
[Termination "JoliyRoger won by resignation"]

1. d4 Nf6 2. c4 g6 3. Nc3 Bg7 4. e4 d6 5. Nf3 O-O 6. h3 c5 7. d5 e6 8. Bd3 Na6 9. Bg5 Nc7 10. Qd2 exd5 11. cxd5 b5 12. O-O b4 13. Nd1 Ba6 14. Re1 Re8 15. Bxa6 Nxa6 16. Qd3 Nc7 17. Ne3 h6 18. Bxf6 Qxf6 19. Nc4 Nb5 20. Rad1 Rad8 21. Re2 Nd4 22. Nxd4 Qxd4 23. Qc2 Qf6 24. Rd3 Qh4 25.
Nd2 h5 26. Nf3 Qf4 27. g3 Qf6 28. h4 Re7 29. Ng5 Bh6 30. Nf3 Rde8 31. e5 dxe5 32.
d6 Rd7 33. Qxc5 e4 34. Ng5 Bxg5 35. hxg5 Qe5 36. Rd5 Qe6 37. Qd4 h4 38. Kg2 Qg4 39. Re3 h3+ 40. Kh2 Re6 41. Qxb4 f5 42. gxf6 Rxf6 43.
Qd2 Rdf7 44. Re2 Qxe2 45. Qxe2 Rxf2+ 46. Qxf2 Rxf2+ 47. Kxh3 Rf8 48. d7 Rd8 49. Kg4 Kf7 50. Kf4 Ke7 51. Kxe4 Rxd7 52. Rxd7+ Kxd7 53. Kd5 Ke7 54. Ke5 a5 55. b3 Kd7 56. Kf6 Kc6 57. Kxg6 Kc5 58. a3 Kd4 59. b4 axb4 60. axb4 Kc4 61.
g4 Kxb4 62. g5 1-0

[Event "*** Titled Tuesday Blitz"]
[Site "Chess.com"]
[Date "2021.03.02"]
[Round "7"]
[White "kubal123"]
[Black "Snowflake"]
[Result "1-0"]
[WhiteElo "2229"]
[BlackElo "2341"]
[TimeControl "180+1"]
[EndTime "11:19:24 PST"]
[Termination "kubal123 won by checkmate"]

1. e4 e6 2. d3 d5 3. Nd2 c5 4. Ngf3 Nc6 5. g3 g6 6. Bg2 Bg7 7. O-O Nf6 8. Re1 O-O 9. c3 a5 10.
e5 Ng4 11. d4 cxd4 12. cxd4 f6 13. h3 Nxf2 14. Kxf2 fxe5 15. dxe5 Qb6+ 16. Kf1 Nxe5 17. Qe2 a4 18. Qe3 Qa6+ 19. Kg1 Nd3 20. Bf1 Nxe1 21.
Bxa6 Nxf3+ 22. Nxf3 Rxa6 23. Bd2 Bxb2 24. Rf1 Bg7 25.
Bc3 e5 26. Nxe5 Rxf1+ 27. Kxf1 Bxh3+ 28. Kg1 Re6 29. Qf4 Bf5 30. Bd4 h5 31. Nf3 Bf8 32.
Be5 b5 33. Nd4 Bc5 34. Kh2 Bxd4 35. Qxd4 Be4 36. Bf4 Re7 37. Qf6 Rf7 38. Qd8+ Kh7 39. Qe8 Rb7 40. Be5 g5 41. Qh8+ Kg6 42. Qg8+ Kf5 43.
Bd4 Re7 44. Qf8+ Ke6 45. Qf6+ Kd7 46. Qxg5 Re6 47. Qxh5 Kc6 48. Qg5 b4 49. Qc1+ Kd7 50.
Qc5 Rh6+ 51. Kg1 Rh1+ 52. Kf2 b3 53. axb3 axb3 54. Qb5+ Ke6 55. Qb6+ Kf5 56. Qf6+ Kg4 57. Qf4+ Kh5 58. g4+ Kg6 59. Qf6+ Kh7 60. Qg7# 1-0

[Event "*** Titled Tuesday Blitz"]
[Site "Chess.com"]
[Date "2021.03.02"]
[Round "7"]
[White "Ajedrez_con_German"]
[Black "vinniethepooh"]
[Result "1/2-1/2"]
[WhiteElo "2569"]
[BlackElo "2703"]
[TimeControl "180+1"]
[EndTime "11:19:26 PST"]
[Termination "Game drawn by repetition"]

1. b3 d5 2. Nf3 Nf6 3. Bb2 Bf5 4. e3 e6 5. d4 h6 6. Bd3 Bxd3 7. Qxd3 Nbd7 8.
O-O c5 9. Nbd2 Rc8 10. c4 Qb6 11. cxd5 Nxd5 12. Nc4 Qa6 13. Rfd1 b5 14. Nce5 c4 15. bxc4 bxc4 16. Qe2 Nxe5 17. Nxe5 Bd6 18. e4 Nb4 19. Bc3 Bxe5 20. Bxb4 Bd6 21. Bxd6 Qxd6 22. Rac1 Qa6 23. d5 O-O 24. Rd4 exd5 25. exd5 Rfe8 26. Qc2 c3 27. d6 Red8 28. d7 Rc7 29. h3 g6 30. Rcd1 Qe6 31. Qd3 c2 32. Rc1 Rcxd7 33. Rxd7 Rxd7 34. Qxc2 Kh7 35. a4 Re7 36. Rd1 Qf6 37. Qd2 Kg7 38. g3 Rb7 39.
Kg2 Re7 40. Qd4 Qxd4 41. Rxd4 Kf6 42. Rd6+ Re6 43. Rd7 Ra6 44. Rd4 Ke5 45. Rf4 f5 46. h4 g5 47. hxg5 hxg5 48. Rb4 g4 49. Rb5+ Ke6 50.
a5 Kf6 51. Kf1 Ke6 52. Ke2 Rc6 53. Rb7 Ra6 54. Rb5 Rd6 55. Rb7 Ra6 56. Rb5 1/2-1/2

[Event "*** Titled Tuesday Blitz"]
[Site "Chess.com"]
[Date "2021.03.02"]
[Round "7"]
[White "Marty435"]
[Black "anon102030"]
[Result "0-1"]
[WhiteElo "2547"]
[BlackElo "2706"]
[TimeControl "180+1"]
[EndTime "11:19:30 PST"]
[Termination "anon102030 won on time"]

1. e4 e5 2. Nf3 Nc6 3. Bc4 Bc5 4. c3 Nf6 5. d4 exd4 6. e5 d5 7. Bb5 Ne4 8. cxd4 Bb6 9. Nc3 Bg4 10. Be3 O-O 11.
h3 Bh5 12. Qc2 Bg6 13. Qb3 Ne7 14. O-O c6 15. Bd3 Nd2 16. Nxd2 Bxd3 17. Rfe1 Bg6 18. Na4 Nf5 19. Nf3 Re8 20. Rac1 h6 21. a3 Ba5 22.
Re2 Qe7 23. Bd2 Bxd2 24. Rxd2 Rab8 25. Kh2 Nh4 26. Nxh4 Qxh4 27. Qg3 Qe7 28. f4 Rbc8 29. Qf2 Bf5 30. Nc3 h5 31. g3 Qd7 32. Qg2 b6 33.
Rg1 Re6 34. Nd1 Rg6 35. Nf2 Rd8 36. g4 hxg4 37. hxg4 Be4 38. Nxe4 dxe4 39. f5 Rh6+ 40. Kg3 Qe7 41. Rh1 Qg5 42. Rxh6 Qe3+ 43. Kh2 Qxh6+ 44. Kg1 Qe3+ 45. Qf2 Qg5 46. Qg2 e3 47.
Rd3 Qf4 48. Qe2 Rxd4 49. Rxe3 Rd1+ 50. Kg2 Rd4 51. Rf3 Qxg4+ 52. Kf2 Qh4+ 53. Kg2 Re4 54.
Qf2 Qg4+ 55. Rg3 Qh4 56. Rxg7+ Kxg7 57. f6+ Kg6 58. Qf5+ Kxf5 0-1

[Event "*** Titled Tuesday Blitz"]
[Site "Chess.com"]
[Date "2021.03.02"]
[Round "7"]
[White "XxPetroffsxX"]
[Black "chesslh19"]
[Result "0-1"]
[WhiteElo "2139"]
[BlackElo "2243"]
[TimeControl "180+1"]
[EndTime "11:19:30 PST"]
[Termination "chesslh19 won on time"]

1. d4 Nf6 2. c4 e6 3. Nc3 d5 4. cxd5 exd5 5. Bg5 c6 6. Qc2 Be7 7. e3 Nbd7 8. Bd3 O-O 9. Nge2 Re8 10. O-O Nf8 11.
Bxf6 Bxf6 12. b4 Be6 13. Rab1 a6 14. a4 Ng6 15. b5 axb5 16. axb5 Be7 17. bxc6 bxc6 18.
Ng3 Bd6 19. f4 Bd7 20. f5 Nf8 21. e4 dxe4 22. Ngxe4 Qc7 23. h3 Rab8 24. f6 g6 25. Rxb8 Rxb8 26. Nc5 Bxc5 27. dxc5 Ne6 28. Ne4 Qe5 29.
Qd2 Rb2 30. Qe3 Qd4 31. Qxd4 Nxd4 32. Nd6 Be6 33. Be4 Ne2+ 34. Kh2 Nd4 35. Ne8 Kf8 36. Nc7 Rb7 37. Nxe6+ fxe6 38. Rd1 e5 39. Ra1 Kf7 40. Ra6 Kxf6 41. Bxc6 Nxc6 42. Rxc6+ Kf5 43. Rd6 e4 44. c6 Rc7 45. Kg3 Ke5 46. Rd7 Rxc6 47.
Rxh7 Rf6 48. Re7+ Kd4 0-1

[Event "*** Titled Tuesday Blitz"]
[Site "Chess.com"]
[Date "2021.03.02"]
[Round "7"]
[White "hermionegrangermagic"]
[Black "Politov_Pavel"]
[Result "0-1"]
[WhiteElo "2581"]
[BlackElo "2426"]
[TimeControl "180+1"]
[EndTime "11:19:31 PST"]
[Termination "Politov_Pavel won by resignation"]

1. e4 e5 2. Nf3 Nc6 3. d4 exd4 4. Bc4 Nf6 5. e5 d5 6. Bb5 Ne4 7. Nxd4 Qh4 8. O-O Bc5 9. Be3 O-O 10. Nf3 Qd8 11. Bxc5 Nxc5 12. c4 dxc4 13. Bxc4 Bg4 14. Be2 Qxd1 15. Bxd1 Rfe8 16. Nbd2 Nd3 17. h3 Bh5 18.
Bc2 Ndxe5 19. Nxe5 Rxe5 20. Rfe1 Rae8 21. Re4 Bg6 22.
Rxe5 Rxe5 23. Bxg6 hxg6 24. Kf1 Nd4 25. Rc1 c6 26.
Rc4 Rd5 27. Ne4 Ne6 28. Rc1 Rb5 29. b3 Ra5 30. a4 Re5 31. f3 f5 32. Nd2 Kf7 33.
Nc4 Rd5 34. a5 a6 35. Re1 Kf6 36. Kf2 Rb5 37. Nd6 Rxb3 38. Ne8+ Kf7 39. Nd6+ Ke7 40.
Nc8+ Kd7 41. Nb6+ Kd6 42. Nc4+ Kc5 43. Nb6 Nd4 44. Rc1+ Kb5 45. Nd7 f4 46. Rc5+ Kb4 47.
Re5 Rb2+ 48. Kf1 Nb5 49. Re4+ Kxa5 50. Nc5 Rc2 51. Nb3+ Kb6 52. Rxf4 a5 53. Rg4 Rb2 54.
Nd4 Nxd4 55. Rxd4 Rb4 56. Rd6 a4 57. Rxg6 a3 58. Rxg7 a2 59. Kf2 a1=Q 60. h4 Qxg7 0-1

[Event "*** Titled Tuesday Blitz"]
[Site "Chess.com"]
[Date "2021.03.02"]
[Round "7"]
[White "Chamal_Gedgafov"]
[Black "AwareIdea"]
[Result "0-1"]
[WhiteElo "2281"]
[BlackElo "2448"]
[TimeControl "180+1"]
[EndTime "11:19:31 PST"]
[Termination "AwareIdea won by resignation"]

1. d4 Nf6 2. c4 e6 3. Nc3 d5 4. cxd5 exd5 5. Bg5 Bb4 6. e3 h6 7. Bh4 Nbd7 8. Bd3 g5 9. Bg3 Ne4 10. Ne2 c6 11. O-O Nxc3 12. bxc3 Be7 13. f3 O-O 14. e4 Nb6 15. e5 f6 16. f4 fxe5 17. fxe5 Bg4 18. Qc2 Qd7 19. h3 Bh5 20. Bg6 Bxe2 21. Qxe2 Qe6 22. Bc2 Rxf1+ 23. Rxf1 Rf8 24.
Rxf8+ Bxf8 25. Qd3 Kf7 26. Qh7+ Bg7 27. Bf5 Qe7 28. e6+ Kf8 29. Be5 Bxe5 30. dxe5 Qxh7 31. Bxh7 Nc4 32. Kf2 Nxe5 33. Ke3 Ke7 34. Bf5 Nc4+ 35. Kd4 Nd6 36. Bg4 b6 37. Ke5 Nc4+ 38. Kf5 Ne3+ 39.
Kg6 Nxg4 40. hxg4 c5 41. Kxh6 d4 42. Kxg5 dxc3 43. Kf5 c2 44. g5 c1=Q 45. g6 Qf1+ 46. Kg5 Qf6+ 47. Kh6 Qh8+ 48. Kg5 Kxe6 49. g4 Ke5 50. a3 Qg7 51. Kh5 c4 52. g5 Kf4 0-1

[Event "*** Titled Tuesday Blitz"]
[Site "Chess.com"]
[Date "2021.03.02"]
[Round "7"]
[White "FredyMatsuura"]
[Black "C_K_G"]
[Result "1-0"]
[WhiteElo "2326"]
[BlackElo "2009"]
[TimeControl "180+1"]
[EndTime "11:19:31 PST"]
[Termination "FredyMatsuura won on time"]

1. d4 d5 2. Nf3 e6 3. c4 Nf6 4.
Nc3 c6 5. cxd5 exd5 6. Bg5 Bd6 7.
Qc2 O-O 8. e3 h6 9. Bh4 Re8 10.
Bd3 Bg4 11. h3 Bd7 12. O-O Be7 13. Ne5 Be6 14. f4 Bc8 15. Rae1 Nbd7 16. Kh1 Nh5 17. Bf2 Bh4 18. Nxf7 Qf6 19. Ne5 Bxf2 20. Qxf2 Nxe5 21.
fxe5 Qxf2 22. Rxf2 Be6 23. Bg6 Ng3+ 24. Kh2 Ne4 25. Nxe4 dxe4 26. Bxe8 Rxe8 27. a3 b5 28. Rc1 Bd5 29. g4 a5 30. Rfc2 Re6 31. Kg3 a4 32. Rf2 Bc4 33. Rf4 Bd5 34. h4 Kh7 35. g5 hxg5 36. hxg5 Kg6 37. Kg4 Re8 38. Rcf1 Rh8 39.
Kg3 Be6 40. Rg1 Rh3+ 41. Kf2 Rh2+ 42. Rg2 Rh1 43. Rf8 Rb1 44. Kg3 Re1 45. Kf2 Rc1 46. Re8 Bd5 47. e6 Rb1 48. Kg3 Bc4 49. Kf4 1-0

[Event "*** Titled Tuesday Blitz"]
[Site "Chess.com"]
[Date "2021.03.02"]
[Round "7"]
[White "GigaQuparadze"]
[Black "RobertoJBM"]
[Result "1/2-1/2"]
[WhiteElo "2953"]
[BlackElo "2723"]
[TimeControl "180+1"]
[EndTime "11:19:32 PST"]
[Termination "Game drawn by repetition"]

1. e4 c6 2. d4 d5 3. Nc3 dxe4 4. Nxe4 Nd7 5. Qe2 Ndf6 6. Ng5 Qxd4 7. N1f3 Qb6 8. Ne5 Nh6 9. g3 Bf5 10. Bg2 e6 11. O-O Qc7 12. Bf4 Bd6 13. Rad1 Rd8 14. Rxd6 Qxd6 15. Nexf7 Nxf7 16. Bxd6 Rxd6 17. Ne4 Nxe4 18.
Bxe4 O-O 19. Bxf5 exf5 20. Rd1 Rxd1+ 21. Qxd1 Rd8 22. Qf3 g6 23. Qb3 Rd7 24. Qe3 Kf8 25. Qxa7 Ke7 26. a4 Ne5 27. Qe3 Kf6 28. h3 g5 29. Qc3 f4 30. gxf4 gxf4 31. a5 Kf5 32. h4 h5 33. Qh3+ Ke4 34. Qe6 Rd1+ 35. Kh2 Rd2 36. Kg2 Rxc2 37. Qe8 Rxb2 38. Qxh5 Nd3 39.
Qh7+ Kd4 40. h5 Rxf2+ 41. Kh3 Rf3+ 42. Kh4 Rf1 43. h6 f3 44. Qg7+ Ne5 45. h7 Rh1+ 46. Kg3 Rg1+ 47. Kf2 Rxg7 48. h8=Q Rg2+ 49. Kf1 Rb2 50.
Qh4+ Kd5 51. Qh5 Rb5 52. Qe8 Rb2 53. Qf8 Ke4 54. Qa3 Rb1+ 55. Kf2 Nd3+ 56. Kg3 Rg1+ 57.
Kh2 Rg2+ 58. Kh3 Re2 59. Qe7+ Kd4 60. Qd7+ Ke3 61. Qe7+ Kd4 62. Qd7+ Ke4 63. Qe7+ Kd4 1/2-1/2

[Event "*** Titled Tuesday Blitz"]
[Site "Chess.com"]
[Date "2021.03.02"]
[Round "7"]
[White "Mikhail_Golubev"]
[Black "bocah_sakit"]
[Result "0-1"]
[WhiteElo "2591"]
[BlackElo "2857"]
[TimeControl "180+1"]
[EndTime "11:19:32 PST"]
[Termination "bocah_sakit won on time"]

1. e4 c5 2. Nf3 Nc6 3. d4 cxd4 4. Nxd4 g6 5. Nc3 Bg7 6. Be3 Nf6 7. Nxc6 bxc6 8. e5 Ng8 9. Bd4 f6 10. f4 Qc7 11.
Qe2 fxe5 12. Bxe5 Bxe5 13. fxe5 Nh6 14. e6 d5 15. O-O-O Qd6 16. Re1 O-O 17. g3 Nf5 18.
Bh3 Rb8 19. Rhf1 d4 20. Na4 Rb5 21. Rf4 Ra5 22. b3 Qa3+ 23. Kb1 Rxa4 24. bxa4 Ba6 25. Qe5 Bc4 26. Rf2 Bxa2+ 27. Ka1 Bb3+ 28. Kb1 Qa2+ 29. Kc1 Qa1+ 30. Kd2 Qc3+ 31. Kc1 Qa1+ 32. Kd2 Qb2 33.
Bxf5 gxf5 34. Rc1 Qc3+ 35. Kd1 Bd5 36. Rf4 Bf3+ 37. Rxf3 Qxf3+ 38. Kd2 Qf2+ 39. Qe2 Qxe2+ 40.
Kxe2 Rf6 41. Kd3 Rxe6 42. Kxd4 Re4+ 43. Kc5 Rxa4 44. Kxc6 Kf7 45. Kd5 Kf6 46. c4 Ra2 47. c5 Rd2+ 48. Kc6 Rxh2 49. Kd7 Rd2+ 50. Ke8 Rb2 51. c6 Rb8+ 52. Kd7 e5 53. c7 Rg8 0-1

[Event "*** Titled Tuesday Blitz"]
[Site "Chess.com"]
[Date "2021.03.02"]
[Round "7"]
[White "cstevens1"]
[Black "Forantes"]
[Result "1-0"]
[WhiteElo "2620"]
[BlackElo "2426"]
[TimeControl "180+1"]
[EndTime "11:19:32 PST"]
[Termination "cstevens1 won by checkmate"]

1. e4 c5 2. Nf3 Nc6 3. Nc3 g6 4. Bb5 Bg7 5. Bxc6 bxc6 6. d3 d6 7.
h3 Nf6 8. Be3 Rb8 9. Qc1 O-O 10.
O-O Qb6 11. Rb1 Rd8 12. b4 Qa6 13. bxc5 Rxb1 14. Qxb1 Nd7 15. Qb4 dxc5 16. Bxc5 Nxc5 17. Qxc5 Be6 18. Qxe7 Rb8 19. Ne2 Qxa2 20. Ned4 Bf8 21.
Qc7 Rc8 22. Qb7 a5 23. Nxe6 Qxe6 24. Ng5 Qe8 25. e5 Rb8 26. Qa7 Ra8 27. Qd4 a4 28. Ne4 Qe6 29. Ra1 a3 30. f4 Ra5 31. Qc3 Ra4 32.
Nf6+ Kg7 33. Ne4 Be7 34. Kf2 Qd5 35. Ke2 Rxe4+ 36. dxe4 Qxe4+ 37. Qe3 Qxg2+ 38. Kd3 Qd5+ 39. Qd4 Qf3+ 40. Kc4 Qe2+ 41. Qd3 Qf2 42. Qe4 Qc5+ 43. Kd3 a2 44. Rxa2 Qb5+ 45. Qc4 Qb1 46. Ra7 Qf1+ 47. Kc3 Qf3+ 48. Kb2 Qe3 49. Rxe7 Qb6+ 50. Qb3 Qd4+ 51. Kb1 Qd1+ 52. Ka2 Qd4 53. Qxf7+ Kh6 54. Qxh7# 1-0

[Event "*** Titled Tuesday Blitz"]
[Site "Chess.com"]
[Date "2021.03.02"]
[Round "7"]
[White "rquery98"]
[Black "MalyDominator"]
[Result "1-0"]
[WhiteElo "2637"]
[BlackElo "2490"]
[TimeControl "180+1"]
[EndTime "11:19:34 PST"]
[Termination "rquery98 won on time"]

1. Nf3 Nf6 2. g3 e6 3. Bg2 d5 4. c4 Be7 5. O-O O-O 6. b3 c5 7.
Bb2 b6 8. e3 Bb7 9. Nc3 Nc6 10.
cxd5 exd5 11. d4 Na5 12. Ne5 c4 13. bxc4 dxc4 14. Bxb7 Nxb7 15. Nxc4 Rc8 16. Ne5 Nd5 17. Qf3 Nxc3 18. Qxb7 Rc7 19. Qf3 Na4 20. Bc1 Qc8 21. Bd2 Ba3 22. Rab1 Rc2 23. Rfd1 Rxa2 24. Be1 Qc2 25.
Ra1 Rxa1 26. Rxa1 Bb2 27. Rd1 a5 28. h4 Nc3 29. Bxc3 Bxc3 30. h5 h6 31. Rf1 a4 32.
Qd5 a3 33. Ng6 Re8 34. Qd7 fxg6 35. Qxe8+ Kh7 36. hxg6+ Qxg6 37. Qa4 Bb2 38. Qc4 Qg4 39. Qb3 Qe2 40. Kg2 b5 41. d5 Kg6 42. d6 Qd2 43. Qe6+ Kh7 44. d7 Bf6 45. e4 a2 46. e5 Bg5 47.
Ra1 b4 48. Rxa2 Qd3 49. Qd6 Qe4+ 50. f3 Qc4 51. Rf2 b3 52. d8=Q Bxd8 53. Qxd8 Qc3 54. e6 b2 55. Qd5 b1=Q 56. e7 Qcc1 57. Kh3 1-0

[Event "*** Titled Tuesday Blitz"]
[Site "Chess.com"]
[Date "2021.03.02"]
[Round "7"]
[White "Niktlt"]
[Black "MuhittinBuker"]
[Result "0-1"]
[WhiteElo "2389"]
[BlackElo "2142"]
[TimeControl "180+1"]
[EndTime "11:19:34 PST"]
[Termination "MuhittinBuker won by resignation"]

1. c4 Nf6 2. Nc3 e6 3. e4 e5 4.
Nf3 d6 5. d4 exd4 6. Nxd4 Be7 7. g3 O-O 8. Bg2 Bd7 9. O-O Nc6 10. b3 Nxd4 11. Qxd4 Bc6 12. Bb2 Ne8 13. Rad1 Bf6 14. Qd2 Qe7 15. Rfe1 g6 16. Nd5 Bxd5 17. exd5 Qd8 18.
Re2 Bxb2 19. Qxb2 Qf6 20. Qa3 Ng7 21. Bh3 Rfe8 22. Rde1 a6 23. Qb4 b6 24. Rxe8+ Rxe8 25. Rxe8+ Nxe8 26. Qa4 Qe7 27. Qxa6 Qe1+ 28. Bf1 h5 29. a4 Kg7 30. Qc8 Nf6 31. Qxc7 Qb4 32. Qe7 Ng4 33. Qe4 Qxb3 34. Qd4+ f6 35. Be2 Ne5 36. Kg2 Qb4 37. h4 Nd7 38. Qe4 Ne5 39.
f4 Ng4 40. Bxg4 hxg4 41. Qc2 f5 42. Kf2 Qc5+ 43. Ke2 Kh6 44. Qc3 Kh7 45. Kd3 Qf2 46.
Qf6 Qxg3+ 47. Kc2 Qxf4 48. Qf7+ Kh6 49. Qf8+ Kh7 50. Qh8+ Kxh8 0-1

[Event "*** Titled Tuesday Blitz"]
[Site "Chess.com"]
[Date "2021.03.02"]
[Round "7"]
[White "Bodnar_Mykola"]
[Black "Rodalquilar"]
[Result "0-1"]
[WhiteElo "2495"]
[BlackElo "2644"]
[TimeControl "180+1"]
[EndTime "11:19:35 PST"]
[Termination "Rodalquilar won by resignation"]

1. d4 d5 2. c4 e6 3. Nf3 Nf6 4. g3 Be7 5. Bg2 O-O 6. O-O dxc4 7. Qc2 a6 8. a4 Bd7 9. Bg5 Nc6 10.
Rd1 b5 11. Bxf6 Bxf6 12. Ne5 Nxd4 13. Rxd4 Bxe5 14. Rh4 f5 15. axb5 g5 16. Rxc4 Bxb5 17. Rc5 Bd4 18. Rxb5 Rb8 19. Rxb8 Qxb8 20. Nc3 Qb6 21.
e3 Bg7 22. Na4 Qb4 23. Nc5 Rb8 24. Nxa6 Qxb2 25. Qxb2 Rxb2 26. Nxc7 Rc2 27. Ra8+ Kf7 28. Ra7 Be5 29. Nb5+ Kf6 30. Nd4 Rc1+ 31. Bf1 h5 32. Ra6 Bxd4 33. exd4 Rd1 34. Ra4 f4 35. h4 f3 36.
hxg5+ Kxg5 37. d5 e5 38. Re4 Kf5 39. Re3 e4 40. d6 Rxd6 41. Bh3+ Ke5 42. g4 Rg6 43. Kh2 hxg4 44. Bf1 Kf4 45. Ra3 Rb6 46. Ra8 Rh6+ 47. Kg1 Rf6 48. Re8 Rh6 49. Rf8+ Ke5 50. Ba6 Kd4 51. Rd8+ Ke5 52. Bb7 e3 53. Re8+ Kf4 54.
Rxe3 Rb6 55. Bc8 Rb1+ 56. Kh2 g3+ 57. fxg3+ Kxe3 58. Ba6 f2 0-1

[Event "*** Titled Tuesday Blitz"]
[Site "Chess.com"]
[Date "2021.03.02"]
[Round "7"]
[White "andriipalchuk"]
[Black "igorcadilhac"]
[Result "0-1"]
[WhiteElo "2535"]
[BlackElo "2424"]
[TimeControl "180+1"]
[EndTime "11:19:36 PST"]
[Termination "igorcadilhac won by checkmate"]

1. d4 d5 2. c4 e6 3. Nc3 Nf6 4. Nf3 Be7 5. Bf4 O-O 6. e3 b6 7.
Rc1 Bb7 8. a3 c5 9. dxc5 bxc5 10. Be2 Nc6 11. O-O Qb6 12. cxd5 exd5 13. Na4 Qa5 14.
Nd2 Rfd8 15. Nxc5 Bxc5 16. Nb3 Qb6 17. Nxc5 d4 18. Nxb7 Qxb7 19. Bf3 Rac8 20. Qa4 Nd5 21. Bg5 f6 22. Rc5 Nce7 23. Rxc8 Qxc8 24. Bf4 Nxf4 25.
exf4 Qb8 26. b4 d3 27. g3 Nf5 28. Qb3+ Kh8 29. Rd1 Qb5 30. Kg2 d2 31. Qc3 Qd7 32.
Bg4 Qd5+ 33. Bf3 Qd6 34. Be4 Ne7 35. Bb1 Nd5 36. Qc2 g6 37. Kg1 Nb6 38. Qb2 Nc4 39. Qc3 Re8 40. Bc2 Rc8 41. Bb3 Qe6 42. Bxc4 Rxc4 43.
Qxd2 Rc7 44. Qd3 Kg7 45. Kg2 Qc6+ 46. Qd5 Qa6 47. Rd3 Re7 48. Qd6 Qb7+ 49. Qd5 Qa6 50. h4 h5 51. f5 g5 52. hxg5 fxg5 53. Qd4+ Kh7 54. f6 Rf7 55. Qe4+ Kh6 56. Rd8 Qxf6 57.
Re8 Qxf2+ 58. Kh3 g4+ 59. Kh4 Qh2# 0-1

[Event "*** Titled Tuesday Blitz"]
[Site "Chess.com"]
[Date "2021.03.02"]
[Round "7"]
[White "frenchpin"]
[Black "Taktikmonster"]
[Result "1-0"]
[WhiteElo "2511"]
[BlackElo "2370"]
[TimeControl "180+1"]
[EndTime "11:19:37 PST"]
[Termination "frenchpin won by checkmate"]

1. e4 c5 2. Nf3 d6 3. d4 cxd4 4.
Nxd4 Nf6 5. f3 e5 6. Bb5+ Bd7 7. Bxd7+ Nbxd7 8. Nf5 Nb6 9. Bg5 d5 10. exd5 Nbxd5 11. c4 Bb4+ 12. Kf1 h6 13. cxd5 hxg5 14. Qa4+ Qd7 15. Qxb4 Qxf5 16. Nc3 Qd3+ 17. Kf2 Qd2+ 18. Kf1 Qd3+ 19. Kf2 Qd2+ 20. Kf1 O-O-O 21. Rd1 Qc2 22. d6 Kb8 23. Qb3 Qxb3 24. axb3 Rd7 25. Ke2 Rhd8 26. h4 gxh4 27. Rxh4 Rxd6 28. Rxd6 Rxd6 29. Rh8+ Kc7 30. Nb5+ Kc6 31. Nxd6 Kxd6 32. Rf8 Ke6 33. Rb8 b6 34. Rb7 Nd5 35. Rxa7 Nf4+ 36.
Kf1 Nd3 37. Ra4 Nxb2 38. Rb4 Kd5 39. Rxb6 f5 40. Rb7 g5 41. Rg7 g4 42. fxg4 f4 43.
g5 e4 44. g6 e3 45. Re7 Kd6 46. g7 Kxe7 47. g8=Q Nd3 48. Qg7+ Kd8 49. Qd4+ Ke8 50. Qxd3 Ke7 51. Qe4+ Kf7 52. Qxf4+ Ke7 53. Qxe3+ Kd7 54. Ke2 Kc6 55. Kf3 Kb5 56. Kf4 Kb4 57. Qd3 Ka3 58. b4+ Kb2 59. b5 Ka2 60. Qc4+ Ka3 61. b6 Kb2 62. b7 Ka3 63. Ke3 Kb2 64. b8=Q+ Ka3 65. Qa6# 1-0

[Event "*** Titled Tuesday Blitz"]
[Site "Chess.com"]
[Date "2021.03.02"]
[Round "7"]
[White "AlexeiShirov"]
[Black "atwalcb"]
[Result "1/2-1/2"]
[WhiteElo "2822"]
[BlackElo "2570"]
[TimeControl "180+1"]
[EndTime "11:19:38 PST"]
[Termination "Game drawn by repetition"]

1. e4 d6 2. d4 Nf6 3. Nc3 Nbd7 4. g4 h6 5. h3 e5 6. Nge2 b5 7. a3 a6 8. Bg2 Bb7 9. O-O Be7 10. f4 O-O 11. g5 Nh5 12. fxe5 dxe5 13. Bf3 exd4 14.
Nd5 Bxd5 15. exd5 Bxg5 16. Bxh5 Ne5 17. Nxd4 Qxd5 18. Bxg5 hxg5 19. Bf3 Qc5 20. Bxa8 Rxa8 21. Kg2 Rd8 22. c3 Qd5+ 23. Kh2 g4 24. hxg4 Qe4 25.
Qe1 Nxg4+ 26. Kg1 Qg6 27. Qg3 Rd5 28. Rae1 Rg5 29. Re8+ Kh7 30. Nf3 Rh5 31. Rfe1 Qb6+ 32. Nd4 Rg5 33. R1e4 Ne5 34. Qxg5 Nf3+ 35. Kg2 Nxg5 36.
R4e5 Qg6 37. Kf2 f6 38. R5e7 Nh3+ 39. Ke3 c5 40. Ne6 Qh6+ 41. Kf3 Qh5+ 42. Kg3 Qe5+ 43. Kxh3 Qe3+ 44. Kh2 Qf2+ 45. Kh1 Qf1+ 46. Kh2 Qf2+ 47.
Kh3 Qf3+ 48. Kh4 Qh1+ 49. Kg3 Qg1+ 50. Kf4 Qf2+ 51. Ke4 Qg2+ 52. Ke3 Qg1+ 53. Ke4 Qg2+ 54. Kd3 Qf3+ 55. Kc2 Qe2+ 56. Kc1 Qe1+ 57. Kc2 Qe2+ 58. Kc1 Qe1+ 59. Kc2 Qe2+ 1/2-1/2